AoeStats
← Rexan_

Arabia

508957832Analyzed
1v1 RM · 9d ago on Sep 24, 2026· 41m 30s· 2 players
Game mode
Random Map
Map size
Tiny (2 player)
Population
200
Speed
Normal
Resources
Standard
Victory
Conquest
Starting age
Dark Age
Ending age
Imperial Age
RankedLock teamsTeams togetherTeam positionsShared explorationLock speedFull tech treeHidden civsTurbo modeCheats
Victory
Defeat
🇦🇷 Magyars · Argentina
1136
+16
🇷🇺 Ethiopians · Russia
1134
-16
Rexan_
6:24 Loom
9:12 Feudal Age
10:07 Double-Bit Axe
16:06 Wheelbarrow
16:41 Fletching
19:27 Horse Collar
24:08 Castle Age
24:47 Bodkin Arrow
24:15 Crossbowman
25:34 Thumb Ring
25:52 Bow Saw
26:12 Ballistics
26:06 Padded Archer Armor
29:17 Gold Mining
32:08 Hand Cart
35:24 Imperial Age
36:14 Bracer
35:36 Arbalester
39:01 Chemistry
joako77
7:04 Loom
9:13 Feudal Age
10:02 Double-Bit Axe
17:25 Town Watch
21:04 Castle Age
19:05 Fletching
19:34 Horse Collar
20:04 Scale Barding Armor
20:52 Bloodlines
21:12 Light Cavalry
21:21 Elite Skirmisher
22:27 Bow Saw
24:35 Bodkin Arrow
28:37 Wheelbarrow
29:15 Ballistics
29:21 Chain Barding Armor
33:27 Padded Archer Armor
34:23 Husbandry
35:26 Hand Cart
35:35 Leather Archer Armor
39:24 Imperial Age
37:22 Heavy Plow
37:47 Thumb Ring
40:11 Bracer
41:39 Chemistry
41:33 Ring Archer Armor
40:49 Hussar
Connection lost

Rejoining the realm…

Still unreachable

The connection could not be restored.

Session expired

The server has moved on; the page needs a fresh start.